 Dungeon Crawl Stone Soup version 0.22-a0-614-g34fbaa0 (webtiles) character file.

135 zishaf the Firebug (level 5, -7/35 HPs)
             Began as a Barachi Fire Elementalist on July 20, 2018.
             Was an Initiate of Sif Muna.
             Killed from afar by an orc wizard (10 damage)
             ... with a puff of frost
             ... on level 3 of the Dungeon on July 21, 2018.
             The game lasted 00:11:28 (3103 turns).

zishaf the Firebug (Barachi Fire Elementalist)      Turns: 3103, Time: 00:11:29

Health: -7/35      AC:  2    Str:  9    XL:     5   Next: 18%
Magic:  0/9        EV: 12    Int: 17    God:    Sif Muna [......]
Gold:   87         SH:  4    Dex: 12    Spells: 7/10 levels left

rFire    . . .     SeeInvis .   k - +0 dagger (drain)
rCold    . . .     Gourm    +   b - +0 buckler
rNeg     . . .     Faith    .   a - +0 robe
rPois    .         Spirit   .   (no helmet)
rElec    .         Reflect  .   (no cloak)
rCorr    .         Harm     .   (no gloves)
MR       .....                  (no boots)
Stlth    ++........             l - amulet of the gourmand
HPRegen  0.11/turn              (no ring)
MPRegen  0.11/turn              (no ring)

@: slow
A: +LOS, swims, slowness 1, strong legs 1
a: Hop, Renounce Religion


You were on level 3 of the Dungeon.
You worshipped Sif Muna.
Sif Muna was noncommittal.
You were very full.

You visited 1 branch of the dungeon, and saw 3 of its levels.

You collected 87 gold pieces.

Inventory:

Hand Weapons
 e - a +1 club
 k - a +0 dagger of draining (weapon)
Armour
 a - a +0 robe (worn)
 b - a +0 buckler (worn)
Jewellery
 l - an amulet of the gourmand (around neck)
Scrolls
 f - 2 scrolls of remove curse
 g - 2 scrolls of enchant weapon
 i - a scroll of immolation {unknown}
 j - 2 scrolls of random uselessness {unknown}
 m - a scroll of teleportation
 o - a scroll of amnesia {unknown}
Potions
 d - a potion of might {unknown}
 h - a potion of cancellation {unknown}
 n - a potion of lignification {unknown}
 p - 2 potions of haste {unknown}
Comestibles
 c - 9 rations


   Skills:
 - Level 3.0 Dodging
 - Level 2.0 Stealth
 * Level 2.0 Shields
 + Level 3.0 Spellcasting
 + Level 2.5 Conjurations
 + Level 4.1 Fire Magic


You had 7 spell levels left.
You knew the following spells:

 Your Spells              Type           Power        Failure   Level  Hunger
a - Flame Tongue          Conj/Fire      ##...        6%          1    None
b - Throw Flame           Conj/Fire      ##....       9%          2    ##.....

Your spell library contained the following spells:

 Spells                   Type           Power        Failure   Level  Hunger
 Fireball                 Conj/Fire      ##........   85%         5    ######.
 Conjure Flame            Conj/Fire      ##......     17%         3    ###....
 Sticky Flame             Conj/Fire      ##......     50%         4    ####...
 Inner Flame              Hex/Fire       #.......     28%         3    ###....


Dungeon Overview and Level Annotations

Branches:
Dungeon (3/15)

Altars:
Sif Muna


Innate Abilities, Weirdness & Mutations

Shadows flee at your approach. (+LOS)
You can swim through water.
You cover ground slowly.
You can hop short distances.


Message History

The flame tongue misses the orc.
The flame tongue hits the hobgoblin.
You kill the hobgoblin!
Sif Muna accepts your kill.
Your Shields skill increases to level 2!
You hear some strange, mumbled words.
A magic dart appears from out of thin air!
The magic dart hits you!
* * * LOW HITPOINT WARNING * * *
There isn't anything here!
Casting: Flame Tongue (safe; 6% risk of failure)
Confirm with . or Enter, or press ? or * to list all spells.
Aiming: Flame Tongue (safe; 6% risk of failure)
Press: ? - help, Shift-Dir - straight line, f/p - orc
Aim: an orc, wielding a whip The flame tongue hits something.
Something hits you.
* * * LOW HITPOINT WARNING * * *
You hear some strange, mumbled words.
A puff of frost appears from out of thin air!
The puff of frost hits you!
You die...

.. #...# ...# ..### .
####...#######.
....########....#.......#.
.....o.).@................
....########..............
#####..(#....#....#
...................#
#######....##....###
########....##.......
..................###
######.#...#....#.....
#...................#.


You could see an orc.

Vanquished Creatures
  3 adders
  An ooze (D:3)
  4 dart slugs
  3 worms (D:2)
  2 leopard geckos (D:1)
  8 orcs (D:3)
  4 giant cockroaches
  8 goblins
  5 hobgoblins
  3 jackals (D:3)
  3 ball pythons
  10 bats
  5 frilled lizards
  14 kobolds
  3 rats
76 creatures vanquished.

Notes
Turn   | Place    | Note
-------+----------+-------------------------------------------
     0 | D:1      | zishaf the Barachi Fire Elementalist began the quest for the Orb.
     0 | D:1      | Reached XP level 1. HP: 13/13 MP: 3/3
   154 | D:1      | Reached XP level 2. HP: 16/19 MP: 0/5
   726 | D:1      | Reached XP level 3. HP: 24/24 MP: 1/6
   761 | D:1      | Learned a level 2 spell: Throw Flame
  1898 | D:2      | Reached XP level 4. HP: 30/30 MP: 3/8
  2068 | D:2      | Found a deep blue altar of Sif Muna.
  2074 | D:2      | Became a worshipper of Sif Muna the Loreminder
  2334 | D:2      | Reached skill level 1 in Shields
  2744 | D:3      | Reached skill level 4 in Fire Magic
  2818 | D:3      | Reached XP level 5. HP: 29/35 MP: 0/9
  3035 | D:3      | Found a faded altar of an unknown god.
  3103 | D:3      | Killed from afar by an orc wizard

Vault maps used:
D:1:      minmay_arrival_nine_rooms
D:2:      first_ration, kennysheep_nondescript, led_sif_pool
D:3:      chequers_ecumenical_altar_simple, skrybe_limestone_x,
          kennysheep_cross_room, nrook_mini_backslash

Skill      XL: |  1  2  3  4  5 |
---------------+----------------+-----
Stealth        | 2 |  2.0
Conjurations   | 2 |  2.5
Dodging        | 3 |  3.0
Shields        | 1 2 |  2.0
Fire Magic     | 4 |  4.1
Spellcasting   | 3 |  3.0

Action                   |  1- 3 |  4- 6 || total
-------------------------+-------+-------++-------
Melee: Unarmed           |     1 |       ||     1
       Club              |    24 |       ||    24
       Dagger            |       |    12 ||    12
       Short sword       |       |     1 ||     1
 Cast: Flame Tongue      |    67 |    70 ||   137
  Use: Scroll            |       |     3 ||     3
  Eat: Chunk             |     4 |    13 ||    17
Armor: Robe              |    16 |     7 ||    23
Dodge: Dodged            |    39 |    24 ||    63
Block: Buckler           |     1 |     6 ||     7

Table legend:
 A = Spawn XP
 B = Non-spawn XP
 C = Spawn XP percentage of total XP
 D = Spawn monster count
 E = Non-spawn monster count
 F = Spawn count percentage of total count
 G = Total turns spent on level
                    A         B        C        D         E        F      G
               +---------+---------+-------+---------+---------+-------+---------
         Total |       0 |     193 |   0.0 |       0 |      76 |   0.0 |  3103
               +---------+---------+-------+---------+---------+-------+---------
           D:1 |       0 |      63 |   0.0 |       0 |      34 |   0.0 |  1457
           D:2 |       0 |      59 |   0.0 |       0 |      16 |   0.0 |  1107
           D:3 |       0 |      71 |   0.0 |       0 |      26 |   0.0 |   539
               +---------+---------+-------+---------+---------+-------+---------
